 Dungeon Crawl Stone Soup version 0.30-a0-630-g881e3bac89 (webtiles) character file.

Game seed: 3971850387366303860

47403 Dartaoz the Unseen (level 14, -1/76 HPs)
             Began as a Spriggan Enchanter on Jan 13, 2023.
             Was a High Priest of Dithmenos.
             Slain by Ludaler's ghost (28 damage)
             ... on level 5 of the Lair of Beasts.
             The game lasted 01:15:27 (19173 turns).

Dartaoz the Unseen (Spriggan Enchanter)            Turns: 19173, Time: 01:15:28

Health: -1/76      AC:  6    Str:  4    XL:     14   Next: 8%
Magic:  3/27       EV: 28    Int: 19    God:    Dithmenos [*****.]
Gold:   1396       SH:  0    Dex: 18    Spells: 18/29 levels left

rFire   + . .      SeeInvis +    Z - +8 Vampire's Tooth {vamp}
rCold   . . .      Faith    .    (no shield)
rNeg    . . .      Spirit   .    D - +0 steam dragon scales
rPois   .          Reflect  .    (helmet restricted)
rElec   +          Harm     .    t - +0 cloak
rCorr   .          Rampage  .    (gloves unavailable)
Will    ++...                    (boots unavailable)
Stlth   ++++++++++               n - amulet of the acrobat
HPRegen 0.32/turn                b - ring "Jidweont" {rElec rF+}
MPRegen 0.20/turn                R - ring of wizardry

@: wreathed by umbra, studying Long Blades, very quick
A: very small, no large weapons, unfitting armour, see invisible, speed 3
a: Renounce Religion, Shadow Step, Shadow Form


You were on level 5 of the Lair of Beasts.
You worshipped Dithmenos.
Dithmenos was extremely pleased with you.
You visited 3 branches of the dungeon, and saw 17 of its levels.
You also visited: Bailey.

You collected 1396 gold pieces.

Inventory:

Hand Weapons
 s - a +0 dagger of venom
 Z - the +8 Vampire's Tooth (weapon) {vamp}
   (You found it on level 4 of the Lair of Beasts)

   It occasionally heals its wielder for the full amount of damage dealt when it
   wounds a living foe.
Missiles
 E - 3 throwing nets
Armour
 t - a +0 cloak (worn)
 D - +0 steam dragon scales (worn)
Jewellery
 a - a ring of fire
 b - the ring "Jidweont" (left hand) {rElec rF+}
   (You found it on level 5 of the Lair of Beasts)

   [ring of protection from fire]

   rF:        It protects you from fire.
   rElec:     It insulates you from electricity.
 n - an amulet of the acrobat (around neck)
 J - a ring of positive energy
 R - a ring of wizardry (right hand)
 V - a ring of ice
 W - a ring of resist corrosion
Wands
 l - a wand of flame (12)
 G - a wand of iceblast (24)
 H - a wand of mindburst (9)
 I - a wand of charming (9)
 Q - a wand of light (14)
Scrolls
 f - 4 scrolls of vulnerability
 h - 2 scrolls of summoning
 i - 6 scrolls of teleportation
 m - a scroll of enchant weapon {unknown}
 r - 3 scrolls of fear
 v - 5 scrolls of poison
 w - a scroll of torment {unknown}
 B - a scroll of enchant armour {unknown}
 C - a scroll of amnesia {unknown}
 S - a scroll of acquirement {unknown}
 X - a scroll of blinking
 Y - a scroll of brand weapon {unknown}
Potions
 c - 7 potions of invisibility
 e - 3 potions of resistance
 g - 12 potions of curing
 k - 2 potions of lignification
 o - 7 potions of brilliance
 p - 4 potions of flight
 q - 2 potions of ambrosia
 z - 5 potions of haste
 F - 6 potions of heal wounds
 K - 2 potions of mutation {unknown}
 L - 4 potions of magic {unknown}
 M - 3 potions of might {unknown}
 N - a potion of cancellation {unknown}
Miscellaneous
 T - a lightning rod (4/4)
 U - a box of beasts


   Skills:
 + Level 9.7 Fighting
 - Level 13.0 Short Blades
 + Level 15.0 Dodging
 + Level 15.3 Stealth
 + Level 8.4 Spellcasting
 + Level 10.3 Hexes
 - Level 3.0 Ice Magic
 + Level 3.0 Invocations


You had 18 spell levels left.
You knew the following spells:

 Your Spells              Type           Power      Damage    Failure   Level
a - Ensorcelled Hibernat  Hex/Ice        66%        N/A       1%          2
b - Confusing Touch       Hex            47%        N/A       1%          3
c - Tukima's Dance        Hex            47%        N/A       1%          3
d - Dazzling Flash        Conj/Hex       54%        N/A       1%          3

Your spell library contained the following spells:

 Spells                   Type           Power      Damage    Failure   Level
 Beastly Appendage        Tmut           14%        N/A       3%          1
 Kiss of Death            Conj/Necr      28%        2d7       3%          1
 Magic Dart               Conj           28%        1d4       3%          1
 Sandblast                Erth           14%        2d6       3%          1
 Sting                    Tmut/Pois      28%        1d4       3%          1
 Fulminant Prism          Conj/Hex       13%        3d8       4%          4
 Cigotuvi's Dreadful Rot  Necr/Pois/Air  14%        N/A       5%          2
 Passwall                 Tmut/Erth      5%         N/A       5%          2
 Poisonous Vapours        Pois/Air       14%        N/A       5%          2
 Searing Ray              Conj           14%        2d5       5%          2
 Sublimation of Blood     Necr           7%         N/A       5%          2
 Wereblood                Tmut           7%         N/A       5%          2
 Kindle Blastsparks       Fire/Tloc/Air  14%        2d11      11%         3
 Spider Form              Tmut/Pois      7%         N/A       11%         3
 Swiftness                Air            7%         N/A       11%         3
 Dispel Undead            Necr           7%         3d8       32%         4
 Iskenderun's Mystic Bla  Conj/Tloc      7%         2d4       32%         4
 Olgreb's Toxic Radiance  Pois           7%         N/A       32%         4
 Alistair's Intoxication  Tmut/Pois      4%         N/A       65%         5
 Blade Hands              Tmut           3%         N/A       65%         5
 Borgnjor's Vile Clutch   Necr/Erth      3%         N/A       65%         5
 Lee's Rapid Deconstruct  Erth           3%         3d5*      65%         5
 Death Channel            Necr           3%         N/A       99%         6
 Eringya's Noxious Bog    Tmut/Pois      3%         N/A       99%         6
 Summon Hydra             Summ           3%         N/A       100%        7
 Necromutation            Tmut/Necr      3%         N/A       100%        8


Dungeon Overview and Level Annotations

Branches:
Dungeon (11/15)            Temple (1/1) D:6            Lair (5/5) D:11
  Swamp (0/4) Lair:2       Spider (0/4) Lair:3        Slime (0/5) Lair:4
 Bailey (visited)
    Orc: D:9-12

Altars:
Ashenzari
Cheibriados
Dithmenos
Elyvilon
Fedhas
Gozag
Hepliaklqana
Kikubaaqudgha
Makhleb
Nemelex Xobeh
Okawaru
Qazlal
Ru
Sif Muna
Trog
Uskayaw
Vehumet
Wu Jian
Xom
Yredelemnul
Zin
The Shining One
Jiyva

Portals:
Hell: Lair:5

Annotations:
Lair:5 1 transporter, Ludaler's ghost, journeyman DDGl


Innate Abilities, Weirdness & Mutations

You are very small and have problems with some larger weapons.
You are too small for most types of armour.
You have supernaturally acute eyesight. (SInv)
You cover ground extremely quickly. (Speed+++)


Message History

Your shadow mimicks your spell!
The sixfirhy is unaffected.
Ludaler's ghost seems less confused.
You are too injured to fight recklessly!
The helpless sixfirhy fails to defend itself.
You perforate the sixfirhy like a sieve!!!!
You kill the sixfirhy!
Dithmenos accepts your kill.
Your Invocations skill increases to level 3!
Casting: Ensorcelled Hibernation (safe; 1% risk of failure)
Confirm with . or Enter, or press ? or * to list all spells.
Your hands begin to glow red.
The red devil misses you. The red devil completely misses you.
Ludaler's ghost completely misses you.
You hit the red devil but do no damage.
The red devil appears confused.
You catch the helpless red devil completely off-guard!
You impale the red devil!!
You kill the red devil!
Dithmenos accepts your kill. Ludaler's ghost closely misses you.
Your Dodging skill increases to level 15!
You puncture Ludaler's ghost!
Ludaler's ghost is almost destroyed.
You hit Ludaler's ghost but do no damage.
You punch Ludaler's ghost, but do no damage.
Ludaler's ghost is almost destroyed.
Your shadow closely misses Ludaler's ghost.
You hit Ludaler's ghost but do no damage.
Ludaler's ghost is almost destroyed.
Ludaler's ghost hits you!
You closely miss Ludaler's ghost.
Ludaler's ghost is almost destroyed.
You hit Ludaler's ghost but do no damage.
Ludaler's ghost is almost destroyed.
You hit Ludaler's ghost but do no damage.
Ludaler's ghost is almost destroyed.
Your shadow hits Ludaler's ghost but does no damage.
You hit Ludaler's ghost but do no damage.
Ludaler's ghost is almost destroyed.
Your shadow barely misses Ludaler's ghost.
Ludaler's ghost hits you!!
You die...

#.........................#......
.................................
.................................
........................##.##....
........##..............#####...!
......©####....###.....######....
....####.###..##©#.......#P##....
...##./.#34#..#..#...............
...#.#.#..##..##@##...........##.
#..##,#.###...##W)#............##
....##..#....##.#.#............##
....##?.##.###..,##..............
...##.^.u#####.###...............
...#..##.u..#.©#............P.P#.
...##..##.#.^..##....P#..........
....##.##.....,,##...............
.....#.##.####,*∩##........#.....


You could see Ludaler's ghost.

Vanquished Creatures
  Snorg (D:10)
  Fannar (D:10)
  7 hydras
  2 death yaks (Lair:4)
  2 sixfirhies (Lair:5)
  A fire crab (Lair:4)
  A wizard (Lair:5)
  2 oklob plants
  7 elephants
  A cyclops (D:9)
  3 black mambas
  A smoke demon (Lair:5)
  Maggie (D:8)
  Maurice (D:8)
  12 cane toads
  2 torpor snails (Lair:4)
  4 orange demons (Lair:5)
  12 komodo dragons
  Psyche (D:8)
  8 rime drakes
  A kobold demonologist (D:11)
  2 polar bears (Lair:3)
  2 red devils (Lair:5)
  A troll (D:9)
  2 hornets (D:9)
  Prince Ribbit (D:8)
  18 blink frogs
  A raiju (Lair:5)
  Sigmund (D:2)
  A shadow (D:10)
  A wraith (D:11)
  39 yaks
  7 wyverns
  Eustachio (D:4)
  A vampire (D:10)
  6 basilisks
  Grum (D:10)
  4 steam dragons
  4 hell hounds (Lair:5)
  4 swamp worms (Lair:2)
  20 water moccasins
  5 orc warriors
  5 black bears
  An ice beast (D:7)
  2 ogres (D:7)
  15 wolves
  4 centaurs
  3 phantoms
  15 bullfrogs
  A scorpion (D:6)
  A necrophage (D:6)
  An electric eel (Lair:4)
  7 howler monkeys
  6 hounds
  2 gnoll boudas
  3 orc priests
  A jelly (D:6)
  5 iguanas
  6 orc wizards
  Robin (D:2)
  23 gnolls
  15 adders
  2 ufetubi
  2 worms
  2 dart slugs
  41 orcs
  2 bat zombies (D:11)
  7 endoplasms
  A giant cockroach (D:2)
  13 goblins
  7 hobgoblins
  2 jackals (D:2)
  6 kobolds
  6 quokkas
  9 ball pythons
  5 bats
  3 frilled lizards
  9 rats
427 creatures vanquished.

Vanquished Creatures (others)
  A bush (Lair:5)
  26 fungi
  33 plants
60 creatures vanquished.

Grand Total: 487 creatures vanquished

Notes
Turn   | Place    | Note
-------+----------+-------------------------------------------
     0 | D:1      | Dartaoz the Spriggan Enchanter began the quest for the Orb.
     0 | D:1      | Reached XP level 1. HP: 9/9 MP: 5/5
   273 | D:1      | Reached XP level 2. HP: 13/13 MP: 6/6
   758 | D:2      | Learned a level 2 spell: Ensorcelled Hibernation
   879 | D:2      | Reached XP level 3. HP: 16/16 MP: 0/8
   959 | D:2      | Noticed Sigmund
  1121 | D:2      | Killed Sigmund
  1122 | D:2      | Reached skill level 5 in Hexes
  1122 | D:2      | Reached XP level 4. HP: 21/21 MP: 4/9
  1122 | D:2      | Reached XP level 5. HP: 24/24 MP: 4/10
  1259 | D:2      | Noticed Robin
  1543 | D:2      | Learned a level 3 spell: Confusing Touch
  1548 | D:2      | Killed Robin
  2015 | D:2      | Reached XP level 6. HP: 24/29 MP: 8/11
  3272 | D:4      | Reached skill level 1 in Fighting
  3272 | D:4      | Reached skill level 5 in Stealth
  3617 | D:4      | Noticed an orc warrior
  3622 | D:4      | Killed an orc warrior
  3808 | D:4      | Reached XP level 7. HP: 30/33 MP: 8/12
  3818 | D:4      | Reached skill level 5 in Short Blades
  3999 | D:4      | Noticed Eustachio
  4006 | D:4      | Killed Eustachio
  4182 | D:5      | Entered Level 5 of the Dungeon
  4192 | D:5      | Noticed a yak
  4193 | D:5      | Noticed a yak
  4196 | D:5      | Killed a yak
  4198 | D:5      | Killed a yak
  4199 | D:5      | Reached skill level 5 in Dodging
  4199 | D:5      | Reached XP level 8. HP: 39/39 MP: 13/13
  5022 | D:5      | Learned a level 3 spell: Tukima's Dance
  5640 | D:6      | Reached XP level 9. HP: 44/44 MP: 9/14
  5866 | D:6      | Found a staircase to the Ecumenical Temple.
  5875 | Temple   | Entered the Ecumenical Temple
  6073 | Temple   | Became a worshipper of Dithmenos the Shadowed
  6231 | D:6      | Reached skill level 1 in Ice Magic
  6919 | D:7      | Reached * piety under Dithmenos
  8180 | D:8      | Noticed Maggie
  8187 | D:8      | Killed Maggie
  8188 | D:8      | Reached skill level 10 in Stealth
  8188 | D:8      | Reached skill level 5 in Spellcasting
  8188 | D:8      | Reached XP level 10. HP: 51/51 MP: 18/18
  8409 | D:8      | Reached ** piety under Dithmenos
  8426 | D:8      | Identified the +8 dagger of Impermanence {flame, rPois
                  | Str+2}
  8529 | D:8      | Noticed Prince Ribbit
  8533 | D:8      | Killed Prince Ribbit
  8680 | D:8      | Noticed Psyche
  8781 | D:8      | Killed Psyche
  8782 | D:8      | Reached skill level 5 in Fighting
  8992 | D:8      | Noticed Maurice
  9006 | D:8      | Killed Maurice
  9139 | D:8      | Found a glowing silver altar of Zin.
  9140 | D:8      | Noticed an angel
  9255 | D:9      | Noticed a cyclops
  9256 | D:9      | Killed a cyclops
  9893 | D:9      | Got the Incunable of Mutated Geology
 10032 | D:9      | Found a flagged portal.
 10041 | Bailey   | Entered a bailey
 10318 | Bailey   | Reached *** piety under Dithmenos
 10519 | D:10     | Entered Level 10 of the Dungeon
 10519 | D:10     | Noticed Snorg
 10527 | D:10     | Killed Snorg
 10528 | D:10     | Reached XP level 11. HP: 56/56 MP: 19/22
 10546 | D:10     | Noticed Grum
 10554 | D:10     | Noticed Fannar
 10559 | D:10     | Killed Grum
 10862 | D:10     | Reached skill level 10 in Dodging
 11183 | D:10     | Killed Fannar
 11894 | D:11     | Found an ancient bone altar of Kikubaaqudgha.
 12105 | D:11     | Found a staircase to the Lair.
 12679 | Lair:1   | Entered Level 1 of the Lair of Beasts
 12710 | Lair:1   | Reached skill level 1 in Invocations
 12909 | Lair:1   | Reached skill level 10 in Short Blades
 12910 | Lair:1   | Reached **** piety under Dithmenos
 13034 | Lair:1   | Reached XP level 12. HP: 32/62 MP: 1/25
 13724 | Lair:1   | Found a basalt altar of Yredelemnul.
 13963 | Lair:2   | Noticed a five-headed hydra
 13972 | Lair:2   | Killed a five-headed hydra
 14543 | Lair:2   | Noticed a six-headed hydra
 14549 | Lair:2   | Noticed a four-headed hydra
 14550 | Lair:2   | Killed a six-headed hydra
 14553 | Lair:2   | Found a staircase to the Swamp.
 14561 | Lair:2   | Killed a four-headed hydra
 15023 | Lair:3   | Reached skill level 10 in Hexes
 15416 | Lair:3   | Found a hole to the Spider Nest.
 15590 | Lair:3   | Learned a level 3 spell: Dazzling Flash
 15651 | Lair:3   | Reached skill level 15 in Stealth
 15668 | Lair:3   | Reached ***** piety under Dithmenos
 15681 | Lair:3   | Reached XP level 13. HP: 61/68 MP: 9/26
 16237 | Lair:4   | Found a viscous altar of Jiyva.
 16238 | Lair:4   | Found a staircase to the Slime Pits.
 16395 | Lair:4   | Found the +8 Vampire's Tooth {vamp}
 17189 | Lair:5   | Entered Level 5 of the Lair of Beasts
 17452 | Lair:5   | Found a burning altar of Makhleb.
 17485 | Lair:5   | HP: 1/70 [hell hound/blast of flame (14)]
 17823 | Lair:5   | Found a transporter.
 18187 | Lair:5   | Found a transporter.
 18195 | Lair:5   | Noticed Ludaler's ghost (journeyman DDGl)
 18745 | Lair:5   | Reached XP level 14. HP: 76/76 MP: 20/27
 18840 | Lair:5   | Found a gateway to Hell.
 18847 | Lair:5   | Identified the ring "Jidweont" {rElec rF+}
 19167 | Lair:5   | Reached skill level 15 in Dodging
 19173 | Lair:5   | Slain by Ludaler's ghost

Illustrated notes

Levels and vault maps discovered:
D:1:      onia_arrival_pyramid, layout_loops_ring
D:2:      layout_basic, uniq_robin, uniq_sigmund
D:3:      layout_rooms, minmay_fractal_squares_diagonal_5
D:4:      cheibrodos_barr_body, layout_loops_ring, uniq_eustachio
D:5:      layout_basic
D:6:      layout_gridville, lemuel_temple_firewalk_a, hangedman_decor_points,
          minmay_misc_feat_tower
D:7:      layout_basic, nicolae_overflow_hidden_temple
D:8:      layout_loops_ring, zin_angel, uniq_maggie, uniq_maurice, uniq_psyche,
          uniq_prince_ribbit1
D:9:      layout_basic, enter_bailey_2
D:10:     layout_grid_maze, uniq_fannar, uniq_snorg, uniq_grum
D:11:     layout_irregular_city, david_lair_generic,
          lemuel_zombie_altar_kikubaaqudgha
Temple:   nicolae_temple_slightly_damp_pantheon
Lair:1:   layout_layer_cave, basic_altar
Lair:2:   layout_roguey, palyth_hydra_swamp_entry, minmay_lair_oklob_items,
          uniq_urug
Lair:3:   layout_gridlike, spider_nest_entry_a, grunt_megastairs_4,
          lemuel_fruit_tree
Lair:4:   nzn_winding_woodlands_three_and_one
          [nzn_winding_woodlands_5x15_zeroes, nzn_winding_woodlands_5x15_cabin,
          nzn_winding_woodlands_5x15_longhouse,
          nzn_winding_woodlands_center_diamonds], layout_gridlike,
          slime_entry_1, evilmike_ambush [evilmike_ambush_outer_corners,
          evilmike_ambush_inner_wall_1], infiniplex_staircase_pool_2
Lair:5:   evil_forest, layout_long_grid, gammafunk_ghost_abyssal_escape,
          chequers_serial_rivers_marsh

Skill      XL: |  1  2  3  4  5  6  7  8  9 10 11 12 13 14 |
---------------+-------------------------------------------+-----
Hexes          | 4 5 6 7 8 10 | 10.3
Short Blades   | 2 4 5 6 7 8 10 11 13 | 13.0
Dodging        | 3 5 6 8 9 11 12 14 15 | 15.0
Fighting       | 1 2 3 4 5 6 8 9 |  9.7
Stealth        | 5 6 8 10 11 13 15 | 15.3
Spellcasting   | 5 7 8 |  8.4
Ice Magic      | 2 3 |  3.0
Invocations    | 1 2 3 |  3.0

Action                   |  1- 3 |  4- 6 |  7- 9 | 10-12 | 13-15 || total
-------------------------+-------+-------+-------+-------+-------++-------
Melee: Dagger            |    59 |    89 |   138 |   289 |    34 ||   609
       Punch             |       |       |     1 |     1 |     5 ||     7
       Quick blade       |       |       |       |       |   213 ||   213
 Cast: Ensorcelled Hiber |     6 |    71 |    93 |   190 |   121 ||   481
       Confusing Touch   |       |     5 |     7 |    13 |    11 ||    36
       Dazzling Flash    |       |       |       |     2 |       ||     2
  Use: Scroll            |       |       |     8 |    11 |     2 ||    21
 Stab: Sleeping          |    17 |    49 |    75 |   149 |    78 ||   368
       Confused          |       |     3 |     8 |    17 |    13 ||    41
       Invisible         |       |       |       |     3 |       ||     3
Armor: Robe              |     4 |     6 |    11 |       |       ||    21
       Steam dragon scal |       |       |       |    18 |     6 ||    24
Dodge: Dodged            |    19 |    70 |   112 |   282 |   130 ||   613

Table legend: (Time is in decaauts)
 A = Elapsed time spent in this place.
 B = Non-inter-level travel time spent in this place.
 C = Inter-level travel time spent in this place.
 D = Time resting spent in this place.
 E = Time spent auto-exploring this place.
 F = Levels seen in this place.
 G = Mean time per level.
                   A        B        C        D        E       F      G
               +--------+--------+--------+--------+--------+-----+--------+
         Total |  14346 |  14021 |    325 |    939 |  10523 |  18 |  797.0 |
       Dungeon |   9226 |   8997 |    229 |    735 |   6801 |  11 |  838.7 |
        Temple |    131 |    110 |     21 |      0 |     88 |   1 |  131.0 |
          Lair |   4713 |   4639 |     74 |    204 |   3427 |   5 |  942.6 |
        Bailey |    274 |    274 |      0 |      0 |    206 |   1 |  274.0 |
               +--------+--------+--------+--------+--------+-----+--------+

Top non-repeatable levels by time:
  Lair:5: 1482 daAuts
     D:5: 1069 daAuts
     D:2: 1051 daAuts
     D:8: 1040 daAuts
    D:10: 875 daAuts
  Lair:4: 854 daAuts
     D:3: 851 daAuts
     D:4: 847 daAuts
  Lair:1: 832 daAuts
     D:9: 828 daAuts
  Lair:2: 813 daAuts
     D:6: 804 daAuts
  Lair:3: 730 daAuts
     D:7: 709 daAuts
    D:11: 680 daAuts
